 Dungeon Crawl Stone Soup version 0.31-a0-521-gc7390f8997 (webtiles) character file.

Game seed: 10478743305043941753

144 LeprechaunX the Ruffian (level 5, -2/34 HPs)
             Began as an Octopode Shapeshifter on Aug 10, 2023.
             Slain by Blork the orc
             ... wielding a +0 war axe
              (6 damage)
             ... on level 4 of the Dungeon.
             The game lasted 00:02:35 (2428 turns).

LeprechaunX the Ruffian (Octopode Shapeshifter)     Turns: 2428, Time: 00:02:35

Health: -2/34      AC:  1    Str: 16    XL:     5   Next: 26%
Magic:  7/7        EV: 13    Int: 11    God:
Gold:   195        SH:  5    Dex: 12    Spells: 4/7 levels left

rFire   . .          .
                       - Unarmed
rCold   . . .        (no shield)
rNeg    . . .        (helmet currently unavailable)
rPois   .            i - amulet of reflection
rElec   .            (no ring)
rCorr   .            (no ring)
SInv    .            (no ring)
Will    .....        (no ring)
Stlth   ++           (no ring)
HPRegen 0.25/turn    (no ring)
MPRegen 0.10/turn    (no ring)
                     (no ring)

%: reflection
@: brilliant, beast-form
A: beast (slay +2), almost no armour, amphibious, 8 rings, camouflage 1,
gelatinous body 1, (nimble swimmer 1), tentacles
a: Begin Untransformation


You were on level 4 of the Dungeon.
You were a hulking beast.
You visited 1 branch of the dungeon, and saw 4 of its levels.

You collected 195 gold pieces.

Inventory:

Missiles
 o - 6 atropa-tipped darts
 q - 6 boomerangs
Jewellery
 i - an amulet of reflection (around mantle)
Talismans
 b - a beast talisman (active)
 c - a flux talisman
Scrolls
 e - 2 scrolls of vulnerability {unknown}
 f - 4 scrolls of identify {unknown}
 k - 2 scrolls of poison {unknown}
 m - a scroll of immolation {unknown}
 n - a scroll of enchant weapon {unknown}
 p - a scroll of teleportation {unknown}
 r - a scroll of acquirement {unknown}
 s - a scroll of fear {unknown}
 t - a scroll of fog {unknown}
Potions
 a - a potion of lignification
 d - a potion of haste {unknown}
 g - a potion of brilliance
 h - a potion of curing {unknown}
 j - a potion of invisibility {unknown}
 l - a potion of enlightenment {unknown}


   Skills:
 + Level 2.2 Fighting
 + Level 2.8 Dodging
 + Level 3.7 Unarmed Combat
 + Level 1.5 Spellcasting
 + Level 3.5 Shapeshifting


You had 4 spell levels left.
You knew the following spells:

 Your Spells              Type           Power      Damage    Failure   Level
a - Ozocubu's Armour      Ice            1%         N/A       67%         3

Your spell library contained the following spells:

 Spells                   Type           Power      Damage    Failure   Level
 Metabolic Englaciation   Hex/Ice        0%         N/A       100%        5
 Simulacrum               Ice/Necr       0%         N/A       100%        6


Dungeon Overview and Level Annotations

Branches:
Dungeon (4/15)
 Temple: D:4-7

Altars:

Shops:
D:1 *

Annotations:
D:4 Blork the orc; randomguy2701's ghost, amateur OpVM


Innate Abilities, Weirdness & Mutations

You are a hulking beast.
Your limbs bulge with bestial killing power. (Slay +2)
You cannot wear most types of armour.
You are amphibious.
You can wear up to eight rings at the same time.
Your skin changes colour to match your surroundings (Stealth+).
Your rubbery body absorbs attacks. (AC +1, EV +1)
((You are camouflaged when in or above water. (Stealth+)))
You have tentacles for arms and can constrict up to eight enemies at once.


Message History

Found 12 gold pieces.
The orc priest shouts!
The endoplasm barely misses you. You block Blork the orc's attack.
You barely miss Blork the orc. You grab Blork the orc.
You constrict Blork the orc. The endoplasm freezes you.
You are frozen.
Blork the orc hits you with a +0 war axe.
You tentacle-slap Blork the orc.
Blork the orc is moderately wounded.
You constrict Blork the orc.
The hobgoblin shouts!
The endoplasm freezes you.
You are frozen.
An orc wizard comes into view. It is wielding a +0 dagger.
Blork the orc hits you with a +0 war axe!
You release your grip on Blork the orc.
Blork the orc points at you and mumbles some strange words.
The magic dart hits you!
* * * LOW HITPOINT WARNING * * *
It was a potion of brilliance.
You feel clever all of a sudden.
The orc wizard shouts!
The endoplasm misses you. Blork the orc attacks as you move away!
Blork the orc hits you with a +0 war axe.
* * * LOW HITPOINT WARNING * * *
The endoplasm attacks as you move away! The endoplasm misses you.
The orc priest calls upon Beogh to heal Blork the orc.
Blork the orc is healed somewhat.
The orc wizard casts a spell.
The orc wizard flickers and vanishes!
Deactivating autopickup; reactivate with Ctrl-A.
You closely miss Blork the orc. You grab Blork the orc.
Blork the orc is lightly wounded.
You constrict Blork the orc, but do no damage.
You block the endoplasm's attack.
An orc wizard comes into view. It is wielding a +0 dagger.
Blork the orc hits you with a +0 war axe.
You die...

#.......+ ..# #####.......#
..####### #......(#+####
#g......# #.......'....#
#.......# #.......#....#
#.......# #.......#....#
#.......#
#.......############+#........
#..................g...o......
#...............hJ.o..........
#................o)...........
#............................$
####################......####
#......# #......# #......#
#......# ###+#..


You could see Blork the orc, an orc priest, an orc wizard (wandering), an
endoplasm and a hobgoblin.

Vanquished Creatures
  Jessica (D:2)
  4 adders
  A worm (D:3)
  5 dart slugs (D:2)
  6 orcs (D:3)
  2 endoplasms
  A giant cockroach (D:2)
  3 hobgoblins
  8 jackals
  4 quokkas
  5 ball pythons
  5 bats
  8 goblins
  4 kobolds
  5 rats
62 creatures vanquished.

Notes
Turn   | Place    | Note
-------+----------+-------------------------------------------
     0 | D:1      | LeprechaunX the Octopode Shapeshifter began the quest for
                  | the Orb.
     0 | D:1      | Reached XP level 1. HP: 13/13 MP: 1/1
   150 | D:1      | Found Qozumakh's Assorted Antiques.
   378 | D:1      | Reached XP level 2. HP: 18/18 MP: 2/2
   975 | D:2      | Reached XP level 3. HP: 16/23 MP: 2/4
  1131 | D:2      | Reached skill level 1 in Spellcasting
  1232 | D:2      | Noticed Jessica
  1239 | D:2      | Killed Jessica
  1240 | D:2      | Reached XP level 4. HP: 29/29 MP: 5/5
  1657 | D:3      | Reached XP level 5. HP: 28/34 MP: 7/7
  1739 | D:3      | Learned a level 3 spell: Ozocubu's Armour
  2380 | D:4      | Noticed randomguy2701's ghost (amateur OpVM)
  2417 | D:4      | Noticed Blork the orc
  2428 | D:4      | Slain by Blork the orc

Illustrated notes

Levels and vault maps discovered:
D:1:      reono_arrival_forest_river, layout_basic, serial_shops, shop_fountains
D:2:      layout_basic, minmay_distorted, uniq_jessica
D:3:      layout_loops_cross, minmay_misc_feat_square, nrook_loot_triangle,
          minmay_door_square
D:4:      layout_gridville, minmay_temple_entry_enclosed_plants,
          gammafunk_ghost_split, uniq_blork_the_orc

Skill      XL: |  1  2  3  4 |
---------------+-------------+-----
Spellcasting   | 1 |  1.5
Fighting       | 2 |  2.2
Dodging        | |  2.8
Unarmed Combat | |  3.7
Shapeshifting  | |  3.5

Action                     |  1- 3 |  4- 6 || total
---------------------------+-------+-------++-------
  Melee: Unarmed           |    53 |    51 ||   104
         Constrict         |    20 |    19 ||    39
         Tentacles         |    12 |    15 ||    27
         Punch             |     5 |       ||     5
    Use: Potion            |       |     1 ||     1
   Stab: Sleeping          |     5 |     7 ||    12
 Armour: Skin              |     5 |       ||     5
  Dodge: Dodged            |    29 |    27 ||    56
  Block: Other             |       |     7 ||     7

Table legend: (Time is in decaauts)
 A = Elapsed time spent in this place.
 B = Non-inter-level travel time spent in this place.
 C = Inter-level travel time spent in this place.
 D = Time resting spent in this place.
 E = Time spent auto-exploring this place.
 F = Levels seen in this place.
 G = Mean time per level.
                   A        B        C        D        E       F      G
               +--------+--------+--------+--------+--------+-----+--------+
         Total |   2420 |   2351 |     69 |      0 |   2017 |   4 |  605.0 |
       Dungeon |   2420 |   2351 |     69 |      0 |   2017 |   4 |  605.0 |
               +--------+--------+--------+--------+--------+-----+--------+

Top non-repeatable levels by time:
     D:1: 940 daAuts
     D:3: 767 daAuts
     D:2: 642 daAuts
     D:4: 69 daAuts
